Map: Capullo de rosa EE

Players

MrFercho - Winner!

  • Race: Zerg Zerg
  • League: Silver
  • Spawn Location: 11:00

TATORREA - Winner!

  • Race: Protoss Protoss
  • League: Silver
  • Spawn Location: 11:00

tigro - Winner!

  • Race: Terran Terran
  • League: Bronze
  • Spawn Location: 11:00

carpaltunnel

  • Race: Zerg Zerg
  • Spawn Location: 5:00

solidnliquid

  • Race: Protoss Protoss
  • Spawn Location: 5:00

zateon

  • Race: Terran Terran
  • League: Gold
  • Spawn Location: 5:00

VOD

Have the link to the VOD?

Description

Time

  • Played on: June 8, 2020, 9:13 p.m.
  • Length: 3:07
Show
View Real Time Build Order
Export as new Build Order

MrFercho Zerg - Winner!

Build Orders: Hatch First 

Get SALT Encoding   

  12  0:02  Drone  
  13  0:16  Overlord  
  13  0:18  Drone  
  14  0:34  Drone x2  
  16  0:40  Drone  
  17  0:49  Drone  
  18  1:04  Drone  
  19  1:05  Hatchery  
  19  1:10  Drone  
  19  1:27  Overlord  
  19  1:30  Spawning Pool  
  19  1:32  Drone  
  19  1:39  Extractor  
  18  1:46  Drone  
  19  1:54  Drone  
  20  2:06  Drone  
  21  2:21  Drone  
  22  2:26  Drone  
  22  2:27  Drone  
  24  2:38  Spine Crawler  
  24  2:44  Drone x3  
Show
View Real Time Build Order
Export as new Build Order

TATORREA Protoss - Winner!

Build Orders:  

Get SALT Encoding   

  12  0:10  Probe  
  13  0:23  Probe (Chrono Boost)  
  14  0:31  Pylon  
  14  0:33  Probe (Chrono Boost)  
  15  0:49  Probe  
  16  0:54  Gateway  
  16  0:56  Gateway  
  16  1:02  Probe  
  17  1:10  Assimilator  
  17  1:15  Pylon  
  17  1:56  Probe  
  18  2:08  Assimilator  
  18  2:09  Probe  
  19  2:18  Zealot (Chrono Boost)  
  21  2:26  Zealot (Chrono Boost)  
Show
View Real Time Build Order
Export as new Build Order

tigro Terran - Winner!

Build Orders:  

Get SALT Encoding   

  12  0:03  SCV  
  13  0:15  SCV  
  14  0:25  Supply Depot  
  14  0:27  SCV  
  15  0:37  Refinery  
  15  0:46  SCV  
  16  0:51  Barracks  
  16  1:02  SCV  
  17  1:12  Refinery  
  17  1:14  SCV  
  18  1:26  SCV  
  19  1:39  SCV  
  20  1:55  Marine  
  21  2:12  Marine  
  22  2:16  Supply Depot  
  22  2:30  Marine  
  23  2:48  Marine  
  24  3:05  Barracks  
Show
View Real Time Build Order
Export as new Build Order

carpaltunnel Zerg 

Build Orders: Pool First 

Get SALT Encoding   

  12  0:14  Drone x2  
  14  0:22  Extractor  
  14  0:23  Drone  
  14  0:37  Spawning Pool  
  13  0:43  Overlord  
  13  0:48  Drone  
  14  1:20  Drone  
  14  1:21  Drone x2  
  17  1:33  Zergling x2  
  18  1:44  Metabolic Boost  
  18  1:49  Zergling x2  
  18  1:51  Evolution Chamber  
  18  2:02  Zergling x2  
  18  2:06  Hatchery  
  18  2:15  Zergling x4  
Show
View Real Time Build Order
Export as new Build Order

solidnliquid Protoss 

Build Orders:  

Get SALT Encoding   

  12  0:10  Probe  
  13  0:19  Pylon  
  13  0:23  Probe  
  14  0:39  Forge  
  15  0:42  Probe  
  15  0:51  Pylon  
  15  0:57  Pylon  
  15  1:14  Photon Cannon  
  15  1:20  Photon Cannon  
  14  1:49  Probe  
  15  2:04  Probe  
  15  2:08  Assimilator  
  16  2:11  Gateway  
  16  2:17  Probe  
  17  2:30  Pylon  
  17  2:44  Probe  
Show
View Real Time Build Order
Export as new Build Order

zateon Terran 

Build Orders:  

Get SALT Encoding   

  12  0:15  SCV  
  12  0:20  Supply Depot  
  13  0:27  SCV  
  14  0:48  Supply Depot  
  14  1:10  Barracks  
  14  1:14  Barracks  
  14  1:17  SCV  
  15  1:48  SCV  
  15  1:53  Refinery  
  16  2:00  SCV  
  16  2:01  Marine  
  17  2:03  Marine  
  19  2:12  SCV  
  20  2:19  Marine  
  20  2:21  Marine  
  22  2:37  Marine  
  22  2:38  Marine  
Tags
 
Add a new tag
Caveats
  • Supply blocks, unpowered buildings, or Contaminate may cause inaccurate times.
  • Supply counts are checked every 10 seconds.